 Dungeon Crawl Stone Soup version 0.22.0-60-ga52c2fc (webtiles) character file.

135 Merlin the Magician (level 5, 0/40 HPs)
             Began as a Gnoll Wanderer on Sept 9, 2018.
             Slain by Crazy Yiuf
             ... wielding a +3 quarterstaff of chaos
              (4 damage)
             ... while paralysed by Crazy Yiuf
             ... on level 2 of the Dungeon.
             The game lasted 00:08:38 (1801 turns).

Merlin the Magician (Gnoll Wanderer)                Turns: 1801, Time: 00:08:39

Health: 0/40       AC:  8    Str: 13 (16) XL:     5   Next: 18%
Magic:  14/14      EV:  2    Int: 11 (14) God:
Gold:   78         SH:  0    Dex: 11 (14) Spells: 18/18 levels left

rFire    . . .     SeeInvis .   o - +0 flail
rCold    . . .     Gourm    .   c - +0 buckler
rNeg     . . .     Faith    .   a - +2 scale mail
rPois    .         Spirit   .   (no helmet)
rElec    .         Reflect  .   (no cloak)
rCorr    .         Harm     .   (no gloves)
MR       .....                  (no boots)
Stlth    +.........             p - amulet of regeneration
HPRegen  0.53/turn              (no ring)
MPRegen  0.14/turn              (no ring)

@: paralysed, lethally poisoned (0 -> 0)
A: distributed training, fangs 1, strong nose
a: no special abilities


You were on level 2 of the Dungeon.
You were not hungry.

You visited 1 branch of the dungeon, and saw 2 of its levels.

You collected 78 gold pieces.

Inventory:

Hand Weapons
 b - a +0 mace
 o - a +0 flail (weapon)
Armour
 a - a +2 scale mail (worn)
 c - a +0 buckler (worn)
 k - a +0 leather armour
Jewellery
 g - an uncursed amulet of rage
 p - an amulet of regeneration (around neck)
Scrolls
 e - a scroll of teleportation
 j - a scroll of blinking {unknown}
 n - a scroll of fear {unknown}
Potions
 f - a potion of curing
Comestibles
 d - 4 rations
 i - 3 chunks of flesh


   Skills:
 + Level 2.9 Fighting
 + Level 1.3 Short Blades
 + Level 1.3 Long Blades
 + Level 2.9 Axes
 + Level 1.3 Maces & Flails
 + Level 1.3 Polearms
 + Level 1.3 Staves
 + Level 1.3 Slings
 + Level 1.3 Bows
 + Level 1.3 Crossbows
 + Level 1.3 Throwing
 + Level 2.9 Armour
 + Level 1.3 Dodging
 + Level 2.7 Stealth
 + Level 2.9 Shields
 + Level 1.3 Unarmed Combat
 + Level 7.2 Spellcasting
 + Level 1.1 Conjurations
 + Level 1.1 Hexes
 + Level 1.1 Charms
 + Level 1.1 Summonings
 + Level 1.1 Necromancy
 + Level 1.1 Translocations
 + Level 1.1 Transmutations
 + Level 3.9 Fire Magic
 + Level 1.1 Ice Magic
 + Level 1.1 Air Magic
 + Level 1.1 Earth Magic
 + Level 1.1 Poison Magic
 + Level 1.5 Invocations
 + Level 1.3 Evocations


You had 18 spell levels left.
You didn't know any spells.
Your spell library was empty.

Dungeon Overview and Level Annotations

Branches:
Dungeon (2/15)

Altars:

Annotations:
D:2 Crazy Yiuf


Innate Abilities, Weirdness & Mutations

Your experience applies equally to all skills.
You have very sharp teeth.
Your uncanny sense of smell can sniff out nearby items.


Message History

Crazy Yiuf barely misses you.
It was a potion of degeneration.
There was something very wrong with that liquid.
You feel weakened.
You feel dopey.
You feel clumsy. Crazy Yiuf closely misses you.
Crazy Yiuf hits you but does no damage.
You are poisoned.
It was a potion of heal wounds.
You feel much better.
You feel yourself speed up.
You feel sick.
Crazy Yiuf hits you with a quarterstaff of chaos!
You suddenly lose the ability to move!
You feel sick.
Crazy Yiuf hits you with a quarterstaff of chaos.
* * * LOW HITPOINT WARNING * * *
Crazy Yiuf hits you but does no damage.
You feel sick.
Crazy Yiuf hits you with a quarterstaff of chaos!
* * * LOW HITPOINT WARNING * * *
Crazy Yiuf freezes you.
You die...

#.# #'#
#.# ♣♣.♣
#.# ♣.♣♣
#.# ♣♣.♣
#.# ♣.♣♣
#.# ♣♣.♣♣
#.# ♣...♣♣
#.# ♣g..P♣
#.# #@...#
#.###....#
#........#
#####...##
#####


You could see Crazy Yiuf.

Vanquished Creatures
  Terence (D:2)
  3 gnolls
  3 adders (D:2)
  An ooze (D:1)
  A worm (D:2)
  A giant cockroach (D:2)
  4 goblins (D:1)
  9 hobgoblins
  4 jackals (D:1)
  A ball python (D:2)
  6 bats
  3 frilled lizards
  6 kobolds
  4 rats (D:1)
47 creatures vanquished.

Notes
Turn   | Place    | Note
-------+----------+-------------------------------------------
     0 | D:1      | Merlin the Gnoll Wanderer began the quest for the Orb.
     0 | D:1      | Merlin set off with: a +2 scale mail, a +0 mace, a +0
                  | buckler, a ration
     0 | D:1      | Reached XP level 1. HP: 17/17 MP: 8/8
   275 | D:1      | Reached XP level 2. HP: 21/23 MP: 10/10
   649 | D:1      | Reached XP level 3. HP: 28/28 MP: 11/11
  1234 | D:2      | Reached skill level 1 in Invocations
  1311 | D:2      | Reached skill level 1 in Short Blades
  1311 | D:2      | Reached skill level 1 in Long Blades
  1311 | D:2      | Reached skill level 1 in Maces & Flails
  1311 | D:2      | Reached skill level 1 in Polearms
  1311 | D:2      | Reached skill level 1 in Staves
  1311 | D:2      | Reached skill level 1 in Slings
  1311 | D:2      | Reached skill level 1 in Bows
  1311 | D:2      | Reached skill level 1 in Crossbows
  1311 | D:2      | Reached skill level 1 in Throwing
  1311 | D:2      | Reached skill level 1 in Dodging
  1311 | D:2      | Reached skill level 1 in Unarmed Combat
  1311 | D:2      | Reached skill level 1 in Evocations
  1341 | D:2      | Reached XP level 4. HP: 34/34 MP: 13/13
  1414 | D:2      | Noticed Terence
  1509 | D:2      | Killed Terence
  1509 | D:2      | Reached skill level 1 in Conjurations
  1509 | D:2      | Reached skill level 1 in Hexes
  1509 | D:2      | Reached skill level 1 in Charms
  1509 | D:2      | Reached skill level 1 in Summonings
  1509 | D:2      | Reached skill level 1 in Necromancy
  1509 | D:2      | Reached skill level 1 in Translocations
  1509 | D:2      | Reached skill level 1 in Transmutations
  1509 | D:2      | Reached skill level 1 in Ice Magic
  1509 | D:2      | Reached skill level 1 in Air Magic
  1509 | D:2      | Reached skill level 1 in Earth Magic
  1509 | D:2      | Reached skill level 1 in Poison Magic
  1598 | D:1      | Reached XP level 5. HP: 36/40 MP: 14/14
  1777 | D:2      | Found a runed door.
  1782 | D:2      | Noticed Crazy Yiuf
  1798 | D:2      | Paralysed by Crazy Yiuf for 4 turns
  1801 | D:2      | Slain by Crazy Yiuf

Skill      XL: |  1  2  3  4 |
---------------+-------------+-----
Invocations    | 1 |  1.5
Short Blades   | 1 |  1.3
Long Blades    | 1 |  1.3
Maces & Flails | 1 |  1.3
Polearms       | 1 |  1.3
Staves         | 1 |  1.3
Slings         | 1 |  1.3
Bows           | 1 |  1.3
Crossbows      | 1 |  1.3
Throwing       | 1 |  1.3
Dodging        | 1 |  1.3
Unarmed Combat | 1 |  1.3
Evocations     | 1 |  1.3
Conjurations   | 1 |  1.1
Hexes          | 1 |  1.1
Charms         | 1 |  1.1
Summonings     | 1 |  1.1
Necromancy     | 1 |  1.1
Translocations | 1 |  1.1
Transmutations | 1 |  1.1
Ice Magic      | 1 |  1.1
Air Magic      | 1 |  1.1
Earth Magic    | 1 |  1.1
Poison Magic   | 1 |  1.1
Fighting       | |  2.9
Axes           | |  2.9
Armour         | |  2.9
Stealth        | |  2.7
Shields        | |  2.9
Spellcasting   | |  7.2
Fire Magic     | |  3.9

Action                   |  1- 3 |  4- 6 || total
-------------------------+-------+-------++-------
Melee: Mace              |   123 |    25 ||   148
       Bite              |    13 |     5 ||    18
       Flail             |       |    19 ||    19
 Abil: Evoke Berserk Rag |       |     1 ||     1
  Use: Scroll            |       |     3 ||     3
       Potion            |       |     2 ||     2
  Eat: Chunk             |     2 |     2 ||     4
Armor: Scale mail        |    70 |    19 ||    89
Dodge: Dodged            |    65 |    20 ||    85
Block: Buckler           |    30 |    16 ||    46
